Map: Automaton LE

Players

DarkSide - Winner!

  • Race: Protoss Protoss
  • League: Gold
  • Spawn Location: 9:00

Mesrob

  • Race: Terran Terran
  • League: Gold
  • Spawn Location: 3:00

VOD

Have the link to the VOD?

Description

Time

  • Played on: Jan. 11, 2019, 7:03 p.m.
  • Length: 6:21
Show
View Real Time Build Order
Export as new Build Order

DarkSide Protoss - Winner!

Build Orders:  

Get SALT Encoding   

  12  0:02  Probe  
  13  0:16  Pylon  
  13  0:21  Probe  
  14  0:39  Gateway  
  14  0:42  Assimilator  
  14  0:47  Probe  
  15  0:59  Probe  
  16  1:12  Probe  
  16  1:13  Pylon  
  16  1:17  Assimilator  
  17  1:23  Probe  
  18  1:28  Cybernetics Core  
  18  1:31  Probe  
  19  1:45  Gateway  
  19  1:56  Gateway  
  19  1:58  Probe  
  20  2:08  Warp Gate  
  20  2:13  Stalker  
  22  2:21  Probe  
  23  2:33  Probe  
  24  2:38  Stalker  
  26  2:45  Probe  
  27  3:03  Gateway  
  27  3:04  Pylon  
  27  3:10  Shield Battery  
  27  3:16  Stalker  
  29  3:27  Pylon  
  29  3:29  Pylon  
  29  3:36  Pylon  
  31  3:47  Shield Battery  
  29  3:57  Stalker  
  29  3:58  Stalker x2  
  35  4:17  Stalker  
  31  4:41  Adept x4  
  35  5:18  Adept x4  
  37  6:03  Adept x4  
Show
View Real Time Build Order
Export as new Build Order

Mesrob Terran 

Build Orders:  

Get SALT Encoding   

  12  0:00  SCV  
  13  0:18  Supply Depot  
  13  0:22  SCV  
  14  0:34  SCV  
  15  0:42  Barracks  
  15  0:46  SCV  
  16  0:50  Refinery  
  16  1:02  SCV  
  17  1:14  SCV  
  18  1:32  Command Center  
  18  1:38  Orbital Command  
  18  1:43  Marine  
  19  1:55  Bunker  
  19  2:10  Factory  
  19  2:12  SCV  
  20  2:36  Supply Depot  
  20  2:40  Barracks Tech Lab  
  20  2:42  SCV  
  21  2:46  Refinery  
  21  2:51  Orbital Command  
  21  2:54  SCV  
  22  3:06  Supply Depot, SCV  
  22  3:09  Supply Depot  
  23  3:18  SCV  
  24  3:21  Supply Depot  
  24  3:32  SCV  
  24  3:33  SCV  
  26  3:36  Siege Tank  
  29  3:44  SCV  
  29  3:45  Supply Depot, SCV  
  29  3:46  Engineering Bay  
  31  3:57  SCV x2  
  31  4:00  Marine  
  34  4:09  SCV  
  34  4:26  Orbital Command  
  34  4:33  Siege Tank  
  36  4:52  Bunker  
  32  5:12  Siege Tank  
  35  5:15  SCV  
  35  5:24  Marine  
  35  5:27  SCV  
  37  5:39  SCV  
  37  5:40  Bunker  
  37  5:42  Marine  
  33  5:55  SCV x2  
Tags
 
League
GoldGold
Matchup
PvT
Replay Pack
sc2 replays
Spawn Locations
Cross Positions
Add a new tag
Caveats
  • Supply blocks, unpowered buildings, or Contaminate may cause inaccurate times.
  • Supply counts are checked every 10 seconds.